Map: Old Sun Temple LE

Players

반포골드핑거

  • Race: Zerg Zerg
  • League: Master

SialicAcid - Winner!

  • Race: Terran Terran
  • League: Diamond

VOD

Have the link to the VOD?

Description

Time

  • Played on: Sept. 23, 2026, 4:59 p.m.
  • Length: 5:50
Show
View Real Time Build Order
Export as new Build Order

반포골드핑거 Zerg 

Build Orders: Hatch First 

Get SALT Encoding   

  12  0:00  Drone  
  13  0:11  Overlord  
  13  0:17  Drone  
  14  0:30  Drone x2  
  14  0:35  Drone  
  17  0:52  Hatchery  
  17  0:54  Drone  
  17  0:56  Drone  
  18  1:07  Extractor  
  18  1:11  Spawning Pool  
  16  1:15  Drone  
  16  1:17  Drone  
  18  1:27  Drone  
  19  1:41  Drone  
  20  1:51  Drone  
  21  2:03  Queen  
  21  2:04  Queen  
  21  2:05  Zergling x4  
  27  2:14  Hatchery  
  26  2:20  Metabolic Boost  
  26  2:25  Overlord  
  26  2:28  Drone  
  27  2:30  Drone  
  28  2:38  Overlord  
  28  2:45  Drone x3  
  31  2:52  Drone  
  31  2:55  Queen  
  34  3:01  Drone x2  
  36  3:07  Drone  
  36  3:10  Drone  
  38  3:13  Drone x3  
  38  3:17  Drone  
  41  3:24  Zergling x2  
  42  3:28  Queen  
  42  3:30  Zergling x6  
  46  3:38  Zergling x4  
  46  3:40  Zergling x2  
  47  3:57  Zergling x6  
  48  4:02  Zergling x2  
  48  4:03  Zergling x4  
  48  4:05  Queen  
  49  4:12  Overlord x2  
  49  4:20  Queen  
  49  4:23  Zergling x2  
  49  4:24  Zergling x4, Baneling Nest  
  49  4:26  Overlord  
  49  4:27  Queen  
  48  4:32  Zergling x4  
  43  4:39  Zergling x2  
  43  4:40  Queen  
  43  4:43  Zergling x4  
  44  4:45  Zergling x2  
  44  4:46  Zergling x4  
  41  4:55  Spine Crawler  
  34  5:00  Zergling x2  
  34  5:06  Zergling x4  
  31  5:14  Zergling x6  
  33  5:20  Zergling x2  
Show
View Real Time Build Order
Export as new Build Order

SialicAcid Terran - Winner!

Build Orders:  

Get SALT Encoding   

  12  0:00  SCV  
  13  0:15  Supply Depot  
  13  0:16  SCV  
  14  0:28  SCV  
  15  0:39  Barracks  
  15  0:43  Refinery  
  15  0:45  SCV  
  17  0:57  SCV  
  17  1:06  Barracks  
  17  1:09  SCV  
  18  1:19  Barracks  
  18  1:26  SCV, Reaper  
  20  1:34  Refinery  
  20  1:40  SCV  
  20  1:46  Supply Depot  
  22  1:59  Reaper, SCV  
  22  2:06  Reaper  
  24  2:11  Reaper  
  24  2:12  SCV  
  26  2:24  SCV, Supply Depot  
  27  2:31  Reaper  
  27  2:36  Orbital Command  
  28  2:41  Reaper  
  28  2:43  Reaper  
  30  2:53  Supply Depot  
  30  3:02  SCV  
  30  3:03  Reaper  
  32  3:13  Reaper  
  32  3:15  Reaper  
  34  3:35  Reaper  
  35  3:44  SCV  
  35  3:45  Reaper  
  35  3:47  Reaper, Command Center  
  37  3:56  SCV  
  38  4:08  Reaper  
  37  4:13  SCV  
  39  4:17  Reaper  
  39  4:19  Reaper  
  41  4:25  SCV  
  42  4:40  Reaper  
  43  4:49  Reaper  
  43  4:52  Reaper  
  43  4:57  Barracks  
  43  4:58  Barracks  
  43  4:59  Factory  
  44  5:01  SCV  
  44  5:02  Orbital Command  
  45  5:13  SCV  
  46  5:17  Marine  
  46  5:23  Marine  
  46  5:25  Marine, SCV  
Tags
 
Add a new tag
Caveats
  • Supply blocks, unpowered buildings, or Contaminate may cause inaccurate times.
  • Supply counts are checked every 10 seconds.